 Dungeon Crawl Stone Soup version 0.27.1-3-gb3d3a73c9e (webtiles) character file.

Game seed: 11069745102881486735

1455 ABBCCCDDDD the Vexing (level 8, 0/56 HPs)
             Began as an Octopode Enchanter on Oct 7, 2021.
             Was an Initiate of Gozag.
             Slain by Harold (5 damage)
             ... on level 8 of the Dungeon.
             The game lasted 00:10:02 (6879 turns).

ABBCCCDDDD the Vexing (Octopode Enchanter)          Turns: 6879, Time: 00:10:03

Health: 0/56       AC:  5    Str: 13    XL:     8   Next: 76%
Magic:  13/13      EV:  7    Int: 20    God:    Gozag
Gold:   389        SH:  0    Dex: 12    Spells: 8/14 levels left

rFire    . . .     SeeInvis .   p - +0 mace (protect)
rCold    . . .     Faith    .   (no shield)
rNeg     . . .     Spirit   .   (helmet restricted)
rPois    .         Reflect  .   (no amulet)
rElec    .         Harm     .   b - +4 ring of protection
rCorr    .         Rampage  .   l - +6 ring of strength
Will     .....                  (no ring)
Stlth    ++++......             (no ring)
HPRegen  0.18/turn              (no ring)
MPRegen  0.13/turn              (no ring)
                                (no ring)
                                (no ring)

@: gold aura, held
A: almost no armour, amphibious, 8 rings, camouflage 1, gelatinous body 1,
(nimble swimmer 1), tentacles
a: Renounce Religion, Potion Petition, Call Merchant, Bribe Branch


You were on level 8 of the Dungeon.
You worshipped Gozag.
Gozag was aware of your devotion.
You visited 2 branches of the dungeon, and saw 9 of its levels.

You collected 480 gold pieces.
You paid 91 gold pieces to Gozag.

Inventory:

Hand Weapons
 n - a +0 dagger of speed
 p - a +0 mace of protection (weapon)
Missiles
 s - 2 throwing nets
Magical Staves
 r - a staff of poison
Jewellery
 b - a +4 ring of protection (left tentacle)
 l - a +6 ring of strength (right tentacle)
Wands
 e - a wand of iceblast (16)
Scrolls
 a - a scroll of noise {unknown}
 c - 2 scrolls of enchant armour {unknown}
 d - 4 scrolls of magic mapping
 f - 2 scrolls of identify {unknown}
 h - 6 scrolls of teleportation
 i - a scroll of torment {unknown}
 k - 2 scrolls of amnesia {unknown}
Potions
 g - 4 potions of curing {unknown}
 j - a potion of invisibility {unknown}
 m - a potion of flight {unknown}
 o - 2 potions of degeneration {unknown}
 q - a potion of haste {unknown}
 t - a potion of lignification {unknown}


   Skills:
 + Level 5.4 Fighting
 - Level 1.9 Short Blades
 + Level 3.7 Maces & Flails
 - Level 2.0 Dodging
 - Level 6.0 Stealth
 + Level 3.6 Spellcasting
 + Level 6.4 Hexes
 - Level 2.0 Ice Magic


You had 8 spell levels left.
You knew the following spells:

 Your Spells              Type           Power      Damage    Failure   Level
a - Corona                Hex            32%        N/A       1%          1
b - Ensorcelled Hibernat  Hex/Ice        40%        N/A       3%          2
c - Tukima's Dance        Hex            29%        N/A       2%          3

Your spell library contained the following spells:

 Spells                   Type           Power      Damage    Failure   Level
 Confusing Touch          Hex            29%        N/A       2%          3
 Dazzling Flash           Conj/Hex       32%        N/A       11%         3
 Passwall                 Tmut/Erth      2%         N/A       21%         2
 Swiftness                Air            3%         N/A       36%         3
 Invisibility             Hex            14%        N/A       82%         6


Dungeon Overview and Level Annotations

Branches:
Dungeon (8/15)             Temple (1/1) D:6
   Lair: D:8-11

Altars:
Ashenzari
Elyvilon
Fedhas
Gozag
Nemelex Xobeh

Shops:
D:3 =   D:4 [

Annotations:
D:3 Grinder
D:6 exclusion: electric eel
D:7 exclusions: black bear and 2 doors
D:8 Harold


Innate Abilities, Weirdness & Mutations

You cannot wear most types of armour.
You are amphibious.
You can wear up to eight rings at the same time.
Your skin changes colour to match your surroundings (Stealth+).
Your rubbery body absorbs attacks. (AC +1, EV +1)
((You are camouflaged near water. (Stealth+)))
You have tentacles for arms and can constrict up to eight enemies at once.


Message History

The howler monkey misses you.
You hit the howler monkey.
Your weapon exudes an aura of protection.
Your grab misses the howler monkey.
The howler monkey is lightly wounded.
The howler monkey hoots and howls with incredible vigour! x2
Harold the Weathered comes into view.
He is wielding a +2 battleaxe of freezing and carrying a wand of charming (4).
You hear a shout!
You barely miss the howler monkey. You grab the howler monkey.
The howler monkey is lightly wounded.
You constrict the howler monkey.
The howler monkey hits you but does no damage.
A howler monkey comes into view.
The howler monkey hits you but does no damage.
The howler monkey howls!
You hit the howler monkey.
The howler monkey is heavily wounded.
You carefully extract the barbed spikes from your body.
You constrict the howler monkey. Harold fires a harpoon shot at you.
The harpoon shot hits you!
You lose your grip on the howler monkey.
You are yanked forward by the harpoon shot.
Harold throws a throwing net.
The throwing net hits you.
You become entangled in the net!
You see here a throwing net.
You struggle against the net.
The howler monkey hoots and howls with incredible vigour! x2
The howler monkey completely misses you.
The howler monkey hits you but does no damage.
You hear a shout!
You struggle against the net.
Harold zaps a wand.
You resist with some effort.
The howler monkey hits you but does no damage.
The howler monkey closely misses you.
You struggle against the net.
Harold hits you with a +2 battleaxe of freezing!!
* * * LOW HITPOINT WARNING * * *
Harold freezes you.
You die...
Your body crumbles into a pile of gold.

#.# #.# #.# #$#
### #.# ## ... #.#
.. #.###.####$#
#....h.....#
###@@h..##.#
##.h.## #..
..###.## #.. #.#
#.# #..# #.# #.#
... #.###'## $ #..
#.##...## ##..
#.#.....##
##...###........##


You could see Harold and 3 howler monkeys.

Levels and vault maps discovered:
D:1:      roderic_chinese_lattice_arrival, layout_loops_ring,
          minmay_gold_behind_fungi
D:2:      kennysheep_the_goblin_king, layout_rooms, serial_bayou,
          serial_bayou_pond_d, serial_bayou_ford_a, serial_bayou_pond_a,
          serial_bayou_lake_a, serial_bayou_pond_d, serial_bayou_shore_b,
          hellmonk_ecumenical_altar_run_dry, minmay_split_cup_large
D:3:      layout_basic, serial_shops, nicolae_lakefront_shop, uniq_grinder
D:4:      layout_cave_pools, serial_shops, nicolae_shop_window_shopping
D:5:      layout_gridville
D:6:      layout_basic, temple_fountains, gup_ossuary_entry_pyramid,
          kennysheep_boxes
D:7:      layout_loops_ring, minmay_crystal_room, kennysheep_pointless_box,
          solitary_fountain, kennysheep_cross_room
D:8:      layout_loops_corners, minitemple, uniq_erica, uniq_harold,
          uniq_maurice
Temple:   hc_temple_tempest_star

Notes
Turn   | Place    | Note
-------+----------+-------------------------------------------
     0 | D:1      | ABBCCCDDDD the Octopode Enchanter began the quest for the
                  | Orb.
     0 | D:1      | Reached XP level 1. HP: 11/11 MP: 3/3
   706 | D:1      | Reached XP level 2. HP: 18/18 MP: 5/5
   840 | D:1      | Reached skill level 1 in Fighting
  1182 | D:1      | Reached XP level 3. HP: 23/23 MP: 6/6
  1185 | D:1      | Learned a level 2 spell: Ensorcelled Hibernation
  1632 | D:2      | Found a faded altar of an unknown god.
  2001 | D:2      | Reached XP level 4. HP: 28/28 MP: 4/7
  2453 | D:3      | Reached skill level 1 in Ice Magic
  2502 | D:3      | Reached skill level 5 in Stealth
  2999 | D:3      | Found Qyrgh's Jewellery Emporium.
  3069 | D:3      | You fall into a shaft and drop 1 floor!
  3102 | D:3      | Noticed Grinder
  3302 | D:4      | Found Holeunt's Antique Armour Boutique.
  3433 | D:4      | Reached XP level 5. HP: 34/34 MP: 8/8
  3703 | D:5      | Entered Level 5 of the Dungeon
  3798 | D:5      | Reached XP level 6. HP: 34/41 MP: 9/9
  3802 | D:5      | Learned a level 3 spell: Tukima's Dance
  3884 | D:5      | Noticed a necrophage
  3899 | D:5      | Killed a necrophage
  4086 | D:5      | Reached XP level 7. HP: 35/46 MP: 9/11
  4350 | D:5      | Reached skill level 5 in Hexes
  4628 | D:6      | Reached skill level 1 in Maces & Flails
  4756 | D:6      | Found a sand-covered staircase.
  5063 | D:6      | Found a staircase to the Ecumenical Temple.
  5083 | Temple   | Entered the Ecumenical Temple
  5091 | Temple   | Became a worshipper of Gozag Ym Sagoz the Greedy
  5592 | D:6      | Reached XP level 8. HP: 25/54 MP: 12/12
  6863 | D:8      | Noticed a manticore
  6870 | D:8      | Killed a manticore
  6871 | D:8      | Reached skill level 5 in Fighting
  6873 | D:8      | Noticed Harold
  6879 | D:8      | Slain by Harold

Table legend: (Time is in decaauts)
 A = Elapsed time spent in this place.
 B = Non-inter-level travel time spent in this place.
 C = Inter-level travel time spent in this place.
 D = Time resting spent in this place.
 E = Time spent auto-exploring this place.
 F = Levels seen in this place.
 G = Mean time per level.
                   A        B        C        D        E       F      G
               +--------+--------+--------+--------+--------+-----+--------+
         Total |   6862 |   6717 |    145 |   1245 |   4095 |   9 |  762.4 |
       Dungeon |   6845 |   6713 |    132 |   1245 |   4095 |   8 |  855.6 |
        Temple |     16 |      3 |     13 |      0 |      0 |   1 |   16.0 |
               +--------+--------+--------+--------+--------+-----+--------+

Top non-repeatable levels by time:
     D:1: 1528 daAuts
     D:6: 1217 daAuts
     D:5: 964 daAuts
     D:7: 925 daAuts
     D:2: 814 daAuts
     D:3: 774 daAuts
     D:4: 565 daAuts
     D:8: 56 daAuts
  Temple: 16 daAuts

Table legend:
 A = Kills in this place as a percentage of kills in entire the game.
 B = Kills by you in this place as a percentage of kills by you in the entire game.
 C = Kills by friends in this place as a percentage of kills by friends in the entire game.
 D = Other kills in this place as a percentage of other kills in the entire game.
 E = Experience gained in this place as a percentage of experience gained in the entire game.
 F = Experience gained in this place divided by the number of levels of this place that you have seen.
                   A       B       C       D       E      F
               +-------+-------+-------+-------+-------+----------------------
         Total | 100.0 | 100.0 |   N/A |   N/A | 100.0 | 231.0
       Dungeon | 100.0 | 100.0 |   N/A |   N/A | 100.0 | 259.9
               +-------+-------+-------+-------+-------+----------------------

Action                   |  1- 3 |  4- 6 |  7- 9 || total
-------------------------+-------+-------+-------++-------
Melee: Dagger            |    92 |   116 |    25 ||   233
       Constrict         |    20 |    21 |    23 ||    64
       Tentacles         |    15 |    26 |    23 ||    64
       Mace              |       |       |    85 ||    85
 Cast: Ensorcelled Hiber |     1 |       |       ||     1
Evoke: Wand              |       |       |     4 ||     4
  Use: Scroll            |       |       |     2 ||     2
 Stab: Sleeping          |     9 |    12 |     9 ||    30
Armor: Skin              |    26 |    23 |    53 ||   102
Dodge: Dodged            |    50 |    57 |   104 ||   211

Vanquished Creatures
  A manticore (D:8)
  A necrophage (D:5)
  A phantom (D:6)
  A scorpion (D:5)
  2 bullfrogs (D:6)
  A water moccasin skeleton (D:5)
  2 howler monkeys
  2 electric eels
  A centaur zombie (D:8)
  3 hounds
  An orc priest (D:5)
  A bullfrog skeleton (D:6)
  A centaur skeleton (D:5)
  A gnoll shaman (D:6)
  An orc wizard (D:6)
  A scorpion zombie (D:5)
  An iguana (D:5)
  A hound zombie (D:5)
  A mummy (D:6)
  5 gnolls
  4 adders
  A howler monkey skeleton (D:7)
  A worm (D:3)
  2 dart slugs (D:1)
  12 orcs
  6 ball pythons
  8 endoplasms
  4 giant cockroaches
  9 goblins
  8 hobgoblins
  4 jackals (D:3)
  4 kobolds
  9 quokkas
  4 bats
  2 frilled lizards
  3 rats
110 creatures vanquished.

Vanquished Creatures (others)
  A fungus (D:1)
  2 plants (D:2)
  5 toadstools (D:1)
8 creatures vanquished.

Grand Total: 118 creatures vanquished
